 Dungeon Crawl Stone Soup version 0.29-a0-352-g0917bc69df (webtiles) character file.

Game seed: 13000258324247112360

683 ObtusePanda the Skirmisher (level 7, -1/62 HPs)
             Began as a Yellow Draconian Fighter on Apr 23, 2022.
             Was a Priest of Dithmenos.
             Slain by a gnoll shaman
             ... wielding a +0 whip
              (6 damage)
             ... on level 5 of the Dungeon.
             The game lasted 00:17:38 (4192 turns).

ObtusePanda the Skirmisher (DrFi)                   Turns: 4192, Time: 00:17:40

Health: -1/62      AC:  7    Str: 20    XL:     7   Next: 35%
Magic:  7/7        EV: 12    Int:  9    God:    Dithmenos [***...]
Gold:   213        SH: 12    Dex: 10    Spells: 6/6 levels left

rFire   . . .      SeeInvis .   a - +1 war axe
rCold   . . .      Faith    .   b - +3 buckler
rNeg    . . .      Spirit   .   (body armour unavailable)
rPois   .          Reflect  +   (helmet restricted)
rElec   .          Harm     .   (no cloak)
rCorr   +          Rampage  .   (no gloves)
Will    .....                   m - +0 pair of boots
Stlth   ++........              c - amulet of reflection
HPRegen 0.20/turn               (no ring)
MPRegen 0.10/turn               (no ring)

@: brilliant, short of breath, flying, wreathed by umbra
A: spit acid, AC +6, unfitting armour, cold-blooded, acid resistance
a: Breathe Acid, Renounce Religion, Shadow Step


You were on level 5 of the Dungeon.
You worshipped Dithmenos.
Dithmenos was most pleased with you.
You visited 1 branch of the dungeon, and saw 5 of its levels.

You collected 348 gold pieces.
You spent 135 gold pieces at shops.

Inventory:

Hand Weapons
 a - a +1 war axe (weapon)
 r - a +0 hand crossbow
Armour
 b - a +3 buckler (worn)
 m - a +0 pair of boots (worn)
Jewellery
 c - an amulet of reflection (around neck)
 o - an amulet of magic regeneration
Scrolls
 g - a scroll of immolation {unknown}
 p - a scroll of blinking {unknown}
 s - a scroll of silence
 u - a scroll of vulnerability {unknown}
 v - a scroll of identify
Potions
 e - a potion of mutation {unknown}
 f - a potion of haste {unknown}
 h - a potion of lignification {unknown}
 i - a potion of brilliance
 k - a potion of flight
 l - 2 potions of attraction
 q - a potion of degeneration {unknown}


   Skills:
 * Level 5.9 Fighting
 + Level 4.4 Axes
 + Level 3.9 Dodging
 + Level 2.6 Stealth
 + Level 4.3 Shields


You had 6 spell levels left.
You didn't know any spells.
Your spell library was empty.

Dungeon Overview and Level Annotations

Branches:
Dungeon (5/15)
 Temple: D:4-7

Altars:
Dithmenos

Shops:
D:2 [   D:3 ?   D:5 (


Innate Abilities, Weirdness & Mutations

You can spit globs of acid.
Your golden yellow scales are hard. (AC +6)
You cannot fit into any form of body armour.
You are cold-blooded and may be slowed by cold attacks.
You are resistant to acid. (rCorr)


Message History

The gnoll shaman is healed somewhat.
The gnoll hits you from afar with a +0 spear.
You block the gnoll shaman's attack.
The gnoll hits you from afar with a +0 spear.
* * * LOW HITPOINT WARNING * * *
You completely miss the gnoll shaman.
The gnoll shaman is severely wounded.
You block the gnoll's attack. x2; The gnoll closely misses you.
The gnoll shaman hits you with a +0 whip.
* * * LOW HITPOINT WARNING * * *
The gnoll hits you but does no damage. The gnoll closely misses you.
You barely miss the gnoll shaman.
You tail-slap the gnoll shaman, but do no damage.
The gnoll shaman is severely wounded.
The gnoll closely misses you. You block the gnoll's attack.
The gnoll closely misses you. You block the gnoll shaman's attack.
The gnoll hits you from afar with a +0 spear.
* * * LOW HITPOINT WARNING * * *
You block the gnoll's attack. The gnoll completely misses you.
The gnoll shaman closely misses you.
You completely miss the gnoll shaman.
The gnoll shaman is severely wounded.
The gnoll hits you but does no damage. You block the gnoll's attack.
The gnoll completely misses you. You block the gnoll's attack.
The gnoll shaman closely misses you. The gnoll barely misses you.
You barely miss the gnoll shaman.
The gnoll shaman is severely wounded.
The gnoll hits you but does no damage. You block the gnoll's attack. x2
The gnoll shaman misses you.
The gnoll hits you from afar with a +0 spear!
* * * LOW HITPOINT WARNING * * *
The gnoll closely misses you.
It was a potion of flight.
You feel very buoyant.
You fly up into the air.
The gnoll hits you from afar with a +0 spear.
* * * LOW HITPOINT WARNING * * *
You block the gnoll's attack.
The gnoll shaman hits you with a +0 whip.
You die...

#################### ######
#.......[......#...g #....#
#....gg........'.... #....#
#..g.ggggg.....#########....#
#g..g.g########..........#......
#...... #..........'..)...
#..)...########@g[..... .#......
#'##.....$)))g....##### ##..))#
. #.....))$)g.g..'.... #....#
#.........$....#.... #....#
#########################''##
#####≈≈≈≈≈≈≈≈≈≈≈≈≈≈≈≈ ≈≈≈≈≈....≈
≈≈≈≈≈≈≈≈≈≈≈≈≈≈≈≈≈≈≈≈≈ ≈≈≈≈≈....≈
≈≈≈≈≈≈≈≈≈≈≈≈≈≈≈≈≈≈≈≈≈ ≈≈≈≈≈..)..
≈..≈≈≈≈≈≈≈)≈≈)≈.≈≈≈.. ≈.≈≈≈....≈


You could see a gnoll shaman (corroded) and 3 gnolls.

Vanquished Creatures
  A bullfrog (D:3)
  A howler monkey (D:5)
  An orc priest (D:4)
  Jessica (D:3)
  Natasha (thrice) (D:3)
  Terence (D:3)
  4 iguanas
  An orc wizard (D:3)
  11 gnolls
  3 adders
  A shadow imp (D:5)
  A white imp (D:3)
  An ufetubus (D:5)
  A worm (D:3)
  4 dart slugs (D:4)
  7 orcs
  6 ball pythons
  6 endoplasms
  3 giant cockroaches
  23 goblins
  24 hobgoblins
  2 jackals (D:3)
  6 kobolds
  4 quokkas
  5 bats
  4 frilled lizards
  7 rats
132 creatures vanquished.

Vanquished Creatures (others)
  2 plants (D:3)
2 creatures vanquished.

Grand Total: 134 creatures vanquished

Notes
Turn   | Place    | Note
-------+----------+-------------------------------------------
     0 | D:1      | ObtusePanda the Draconian Fighter began the quest for the
                  | Orb.
     0 | D:1      | Reached XP level 1. HP: 19/19 MP: 1/1
   137 | D:1      | Reached XP level 2. HP: 26/26 MP: 2/2
   492 | D:1      | Found a faded altar of an unknown god.
   507 | D:1      | Prayed at the altar of an unknown god.
   507 | D:1      | Became a worshipper of Dithmenos the Shadowed
   507 | D:1      | Reached * piety under Dithmenos
   772 | D:2      | Found Ydghurgh's Armour Shoppe.
   814 | D:2      | Bought a +0 pair of boots for 45 gold pieces
  1064 | D:2      | Reached XP level 3. HP: 29/33 MP: 3/3
  1504 | D:3      | Reached skill level 4 in Fighting
  1509 | D:3      | Noticed a bullfrog
  1513 | D:3      | Killed a bullfrog
  1514 | D:3      | Reached skill level 1 in Stealth
  1514 | D:3      | Reached XP level 4. HP: 37/40 MP: 4/4
  1530 | D:3      | Reached XP level 5. HP: 29/47 MP: 5/5
  1534 | D:3      | Noticed Natasha
  1562 | D:3      | Noticed Terence
  1573 | D:3      | Killed Terence
  1578 | D:3      | Noticed Jessica
  1589 | D:3      | Killed Jessica
  1767 | D:3      | Killed Natasha
  1808 | D:3      | Noticed Natasha
  1824 | D:3      | Killed Natasha
  1838 | D:3      | Noticed Natasha
  1855 | D:3      | HP: 2/47 [Natasha/magic dart (7)]
  1856 | D:3      | Killed Natasha
  1857 | D:3      | Reached XP level 6. HP: 3/55 MP: 6/6
  2306 | D:3      | Found Haoly's Magic Scroll Shop.
  2321 | D:3      | Bought a scroll of enchant weapon for 90 gold pieces
  2375 | D:3      | Reached skill level 5 in Fighting
  2461 | D:3      | Reached ** piety under Dithmenos
  3336 | D:5      | Entered Level 5 of the Dungeon
  3500 | D:5      | Noticed a wyvern
  3530 | D:5      | Your scales start taking on a golden yellow colour.
  3530 | D:5      | Reached XP level 7. HP: 13/61 MP: 7/7
  3530 | D:5      | Gained mutation: You are resistant to acid. (rCorr) [Yellow
                  | Draconian growth]
  3916 | D:5      | Found Kuclac's Weapon Shoppe.
  4156 | D:5      | Reached *** piety under Dithmenos
  4192 | D:5      | Slain by a gnoll shaman

Illustrated notes

Levels and vault maps discovered:
D:1:      dpeg_arrival_line_fractal, layout_rooms, basic_ecumenical_altar
D:2:      layout_basic, serial_shops, nicolae_shop_waterfront
D:3:      layout_rooms, serial_shops, nicolae_shop_crystal,
          minmay_shallow_snake_nest, uniq_natasha, uniq_jessica, uniq_terence
D:4:      layout_basic
D:5:      minmay_goblin_kobold_castle, layout_basic, serial_shops,
          nicolae_shop_bloodbath_and_beyond

Skill      XL: |  1  2  3  4  5  6 |
---------------+-------------------+-----
Fighting       | 4 5 |  5.9
Dodging        | 3 |  3.9
Axes           | 3 4 |  4.4
Stealth        | 1 2 |  2.6
Shields        | 4 |  4.3

Action                   |  1- 3 |  4- 6 |  7- 9 || total
-------------------------+-------+-------+-------++-------
Melee: War axe           |    63 |   166 |    59 ||   288
       Tailslap          |     4 |    24 |    10 ||    38
 Abil: Breathe Acid      |       |       |     4 ||     4
  Use: Scroll            |     1 |    10 |     3 ||    14
       Potion            |     1 |     9 |     5 ||    15
 Stab: Sleeping          |     1 |     6 |     1 ||     8
       Invisible         |       |       |     8 ||     8
Armor: Skin              |     6 |    33 |    17 ||    56
Dodge: Dodged            |    39 |   124 |    75 ||   238
Block: Buckler           |    14 |    71 |    94 ||   179
       Reflection        |       |     1 |    13 ||    14

Table legend: (Time is in decaauts)
 A = Elapsed time spent in this place.
 B = Non-inter-level travel time spent in this place.
 C = Inter-level travel time spent in this place.
 D = Time resting spent in this place.
 E = Time spent auto-exploring this place.
 F = Levels seen in this place.
 G = Mean time per level.
                   A        B        C        D        E       F      G
               +--------+--------+--------+--------+--------+-----+--------+
         Total |   4313 |   4286 |     27 |    815 |   1659 |   5 |  862.6 |
       Dungeon |   4313 |   4286 |     27 |    815 |   1659 |   5 |  862.6 |
               +--------+--------+--------+--------+--------+-----+--------+

Top non-repeatable levels by time:
     D:3: 1189 daAuts
     D:5: 885 daAuts
     D:4: 774 daAuts
     D:2: 764 daAuts
     D:1: 700 daAuts
